Map: Abyssal Reef LE

Players

Ziggy - Winner!

  • Race: Terran Terran
  • Spawn Location: 5:00

Slowstupid

  • Race: Protoss Protoss
  • Spawn Location: 11:00

Event: WCS Valencia 2017

VOD

Have the link to the VOD?

Description

Time

  • Played on: July 13, 2017, 7:06 a.m.
  • Length: 8:50

All games in this series

Show
View Real Time Build Order
Export as new Build Order

Ziggy Terran - Winner!

Build Orders: Reaper Expand, MMM Bio 

Get SALT Encoding   

  12  0:00  SCV  
  13  0:13  SCV  
  14  0:17  Supply Depot  
  14  0:25  SCV  
  15  0:29  Refinery  
  15  0:39  SCV  
  16  0:45  Barracks  
  16  0:51  SCV  
  17  1:03  SCV  
  18  1:15  SCV  
  19  1:35  Orbital Command, Reaper  
  20  1:47  Command Center  
  20  1:56  Engineering Bay  
  20  2:01  SCV  
  21  2:09  Barracks Reactor  
  21  2:14  Factory  
  21  2:17  SCV  
  22  2:23  Supply Depot  
  22  2:29  SCV  
  23  2:38  Refinery  
  23  2:45  SCV  
  23  2:48  Marine  
  23  2:49  Marine  
  26  2:57  SCV  
  27  3:00  Orbital Command  
  27  3:03  Starport  
  27  3:05  Widow Mine  
  29  3:06  Marine x2  
  29  3:09  SCV  
  32  3:23  SCV  
  32  3:24  Marine x2  
  32  3:27  SCV  
  35  3:33  Widow Mine  
  37  3:35  SCV  
  37  3:38  Supply Depot  
  37  3:39  SCV  
  37  3:40  Medivac  
  41  3:42  Marine x2  
  41  3:47  SCV  
  44  3:51  SCV  
  44  3:52  Supply Depot  
  45  3:59  SCV  
  46  4:03  SCV  
  47  4:13  Barracks  
  47  4:14  Barracks x2  
  47  4:16  SCV x2  
  49  4:17  Barracks Tech Lab  
  49  4:19  Factory Tech Lab  
  49  4:20  Starport Reactor  
  49  4:23  Refinery  
  49  4:28  SCV x2  
  51  4:32  Barracks  
  51  4:40  Stimpack, SCV x2  
  51  4:41  Marine  
  54  4:46  Engineering Bay  
  54  4:49  Siege Tank  
  57  4:56  SCV x2  
  59  5:01  Barracks Tech Lab  
  59  5:03  Barracks Tech Lab  
  59  5:05  Supply Depot  
  59  5:06  Supply Depot  
  59  5:08  SCV x2  
  61  5:20  SCV  
  61  5:21  SCV  
  61  5:22  Terran Infantry Weapons Level 1  
  61  5:23  Barracks Tech Lab, Combat Shields  
  61  5:27  Marauder x2  
  65  5:33  SCV x2  
  67  5:43  Medivac  
  67  5:45  SCV  
  67  5:47  Refinery  
  67  5:49  Command Center  
  70  5:51  Supply Depot  
  70  5:53  Marine x4  
  70  5:57  Marine x2  
  74  6:01  Liberator  
  74  6:02  Missile Turret  
  76  6:09  SCV x2  
  76  6:13  Siege Tank, Liberator  
  76  6:14  Marauder  
  76  6:15  Marauder  
  86  6:22  Supply Depot  
  86  6:24  Marine  
  86  6:25  Supply Depot  
  90  6:37  Marauder x2  
  94  6:52  Marauder  
  94  6:53  Marauder, Liberator  
  95  6:58  Marauder x2  
  95  6:59  Marine x2  
  101  7:03  Engineering Bay, Armory  
  101  7:04  Orbital Command  
  101  7:08  Liberator  
  101  7:13  Marauder  
  101  7:14  SCV x2  
  108  7:17  Marine x2  
  110  7:22  Refinery  
  110  7:26  Refinery  
  111  7:31  Marauder  
  111  7:33  Orbital Command, SCV x2  
  118  7:37  Siege Tank  
  118  7:46  Marauder x2  
  121  7:58  Marine x3  
  114  7:59  Marauder  
  117  8:08  Marine x2  
  117  8:09  Siege Tank  
  117  8:11  SCV x2  
  124  8:22  Marauder  
  124  8:26  Marine x3  
  124  8:27  Marauder  
  127  8:30  SCV x2  
Show
View Real Time Build Order
Export as new Build Order

Slowstupid Protoss 

Build Orders:  

Get SALT Encoding   

  12  0:01  Probe (Chrono Boost)  
  13  0:11  Probe (Chrono Boost)  
  14  0:18  Pylon  
  14  0:22  Probe (Chrono Boost)  
  15  0:36  Gateway  
  15  0:37  Probe (Chrono Boost)  
  16  0:47  Probe (Chrono Boost)  
  17  0:52  Assimilator  
  17  0:58  Probe (Chrono Boost)  
  18  1:08  Probe (Chrono Boost)  
  19  1:19  Probe (Chrono Boost)  
  19  1:24  Cybernetics Core  
  20  1:27  Pylon  
  20  1:31  Probe (Chrono Boost)  
  21  1:44  Assimilator  
  21  1:55  Warp Gate  
  21  2:00  Stalker (Chrono Boost)  
  23  2:06  Probe (Chrono Boost)  
  24  2:16  Probe (Chrono Boost)  
  24  2:17  Gateway  
  24  2:44  Mothership Core  
  26  2:49  Stalker (Chrono Boost)  
  28  2:58  Nexus  
  28  2:59  Pylon  
  28  3:05  Probe  
  31  3:09  Sentry (Chrono Boost)  
  31  3:15  Pylon  
  31  3:17  Probe  
  32  3:29  Probe  
  37  3:36  Stalker (Chrono Boost)  
  35  3:41  Probe (Chrono Boost), Robotics Facility  
  36  3:53  Probe (Chrono Boost)  
  37  4:02  Pylon  
  37  4:03  Zealot  
  37  4:04  Probe (Chrono Boost)  
  40  4:11  Probe (Chrono Boost)  
  40  4:14  Probe (Chrono Boost)  
  42  4:18  Pylon  
  42  4:21  Probe (Chrono Boost)  
  43  4:25  Probe (Chrono Boost)  
  43  4:29  Observer  
  45  4:32  Probe (Chrono Boost)  
  45  4:35  Probe (Chrono Boost)  
  45  4:36  Forge  
  45  4:37  Sentry  
  49  4:39  Sentry  
  49  4:42  Probe (Chrono Boost)  
  52  4:46  Probe (Chrono Boost)  
  53  4:53  Probe (Chrono Boost)  
  53  4:56  Assimilator  
  53  4:57  Probe (Chrono Boost)  
  46  5:03  Probe (Chrono Boost)  
  47  5:07  Probe (Chrono Boost)  
  47  5:11  Photon Cannon  
  49  5:14  Protoss Ground Armor Level 1 (Chrono Boost), Probe (Chrono Boost)  
  49  5:18  Probe (Chrono Boost)  
  50  5:24  Probe (Chrono Boost)  
  52  5:28  Probe (Chrono Boost)  
  52  5:35  Probe (Chrono Boost)  
  53  5:41  Probe (Chrono Boost)  
  54  5:43  Pylon  
  54  5:45  Probe (Chrono Boost)  
  55  5:51  Probe (Chrono Boost)  
  55  5:54  Probe  
  55  5:56  Immortal  
  61  6:02  Assimilator  
  61  6:03  Probe  
  61  6:04  Photon Cannon  
  62  6:08  Probe  
  63  6:13  Twilight Council  
  63  6:14  Pylon  
  63  6:15  Probe  
  64  6:31  Probe  
  64  6:54  Stalker  
  64  6:55  Stalker  
  64  7:00  Immortal  
  64  7:01  Photon Cannon, Protoss Ground Weapons Level 1 (Chrono Boost)  
  72  7:04  Probe  
  72  7:05  Pylon  
  73  7:09  Gateway  
  73  7:11  Gateway  
  73  7:27  Templar Archives  
  73  7:28  Pylon  
  71  7:39  Stalker x2  
  57  8:06  High Templar  
  57  8:08  High Templar  
  53  8:31  Archon  
  47  8:38  Zealot x2  
  47  8:39  Zealot  
Tags
 
Add a new tag
Caveats
  • Supply blocks, unpowered buildings, or Contaminate may cause inaccurate times.
  • Supply counts are checked every 10 seconds.